 Dungeon Crawl Stone Soup version 0.21.1-1-g345015f (webtiles) character file.

33 letownia2 the Charmwright (level 3, -13/27 HPs)
             Began as a Merfolk Skald on Mar 14, 2018.
             Mangled by an ogre
             ... wielding a +0 giant club
              (28 damage)
             ... on level 3 of the Dungeon.
             The game lasted 00:02:15 (357 turns).

letownia2 the Charmwright (Merfolk Skald)            Turns: 357, Time: 00:02:16

Health: -13/27     AC:  3    Str: 11    XL:     3   Next: 29%
Magic:  2/6        EV: 12    Int: 13    God:
Gold:   13         SH:  0    Dex: 13    Spells: 0/6 levels left

rFire    . . .     SeeInvis .   a - +0 spear
rCold    . . .     Gourm    .   (no shield)
rNeg     . . .     Faith    .   b - +0 leather armour
rPois    .         Spirit   .   (no helmet)
rElec    .         Reflect  .   (no cloak)
rCorr    .         Harm     .   (no gloves)
MR       +....                  (no boots)
Stlth    +.........             (no amulet)
HPRegen  0.09/turn              j - ring of protection from magic
MPRegen  0.10/turn              (no ring)

@: infused
A: change form in water, swift swim, stealthy swim
a: no special abilities


You were on level 3 of the Dungeon.
You were not hungry.

You visited 1 branch of the dungeon, and saw 3 of its levels.

You collected 13 gold pieces.

Inventory:

Hand Weapons
 a - a +0 spear (weapon)
Armour
 b - a +0 leather armour (worn)
 g - a cursed +0 scale mail
Jewellery
 j - a ring of protection from magic (left hand)
Scrolls
 e - 2 scrolls of teleportation {unknown}
 f - a scroll of immolation {unknown}
 h - 3 scrolls of magic mapping {unknown}
 i - a scroll of remove curse {unknown}
Books
 c - a book of Battle

   Spells                             Type                      Level
   a - Infusion                       Charms                       1
   b - Shroud of Golubria             Charms/Translocation         2
   c - Song of Slaying                Charms                       2
   d - Spectral Weapon                Hexes/Charms                 3
   e - Regeneration                   Charms/Necromancy            3
Comestibles
 d - 3 rations


   Skills:
 - Level 2.1 Fighting
 - Level 3.0 Polearms
 - Level 0.6 Armour
 - Level 2.6 Dodging
 - Level 2.0 Spellcasting
 + Level 0.3 Hexes
 - Level 4.4 Charms
 + Level 0.8 Translocations


You couldn't memorise any spells.
You knew the following spells:

 Your Spells              Type           Power        Failure   Level  Hunger
a - Infusion              Chrm           ##..         5%          1    ##.....
c - Spectral Weapon       Hex/Chrm       #.......     36%         3    ####...
x - Shroud of Golubria    Chrm/Tloc      #.........   17%         2    ###....


Dungeon Overview and Level Annotations

Branches:
Dungeon (3/15)

Altars:

Annotations:
D:2 DIG


Message History

The hobgoblin misses you.
You hit the ogre!
The ogre is moderately wounded.
The hobgoblin barely misses you.
Unknown command.
You hit the ogre.
The ogre is heavily wounded.
The ogre barely misses you.
The hobgoblin hits you but does no damage.
Unknown command.
You hit the ogre.
The ogre is severely wounded.
The frilled lizard unfolds its giant frill.
The ogre barely misses you. The hobgoblin hits you with a club.
Unknown command.
You barely miss the ogre.
The ogre is severely wounded.
The ogre hits you with a giant club!!
Ouch! That really hurt!
You die...

##### ##
###.#.#######.#
..#.†.........#
#.#<#.......#
#.###o#####.#
#####.#..lg@O...#
#......(#.####..#
#.......#.# #..#
#.....l.#.# #..#
#....[..#.# #..#
######
#.......#.# #..#
#....#
#.......#..
#.##.#
#....o..#..
...#.<#
..........
..>..####


You could see an ogre, an orc, a hobgoblin and a frilled lizard.

Vanquished Creatures
  A hound zombie (D:2)
  An ooze (D:2)
  A leopard gecko (D:3)
  A giant cockroach (D:2)
  A goblin (D:2)
  4 jackals (D:2)
  2 frilled lizards
  A kobold (D:2)
  3 rats (D:2)
15 creatures vanquished.

Notes
Turn   | Place    | Note
-------+----------+-------------------------------------------
     0 | D:1      | letownia2 the Merfolk Skald began the quest for the Orb.
     0 | D:1      | Reached XP level 1. HP: 16/16 MP: 3/3
    90 | D:2      | Reached XP level 2. HP: 13/22 MP: 1/5
   102 | D:2      | HP: 1/22 [hound zombie (3)]
   103 | D:2      | Reached skill level 4 in Charms
   108 | D:2      | Learned a level 2 spell: Shroud of Golubria
   142 | D:2      | Reached XP level 3. HP: 5/27 MP: 1/6
   147 | D:2      | Learned a level 3 spell: Spectral Weapon
   181 | D:3      | Noticed an ogre
   357 | D:3      | Mangled by an ogre

Skill      XL: |  1  2 |
---------------+-------+-----
Charms         | 4 |  4.4
Fighting       | |  2.1
Polearms       | |  3.0
Armour         | |  0.6
Dodging        | |  2.6
Spellcasting   | |  2.0
Hexes          | |  0.3
Translocations | |  0.8

Action                   || total
-------------------------++-------
Melee: Spear             ||    50
 Cast: Infusion          ||     8
 Stab: Sleeping          ||     1
Armor: Leather armour    ||     8
Dodge: Dodged            ||    27
